 Dungeon Crawl Stone Soup version 0.21-a0-361-g4efd3f9 (webtiles) character file.

135 Monsterracer the Vexing (level 5, -1/40 HPs)
             Began as a Gnoll Arcane Marksman on Oct 13, 2017.
             Slain by Grinder (3 damage)
             ... on level 3 of the Dungeon.
             The game lasted 00:06:42 (4051 turns).

Monsterracer the Vexing (Gnoll Arcane Marksman)     Turns: 4051, Time: 00:06:43

Health: -1/40      AC:  5    Str: 16    XL:     5   Next: 18%
Magic:  9/9        EV: 13    Int: 15    God:
Gold:   127        SH:  0    Dex: 15    Spells: 2/10 levels left

rFire    . . .     SeeInvis .     - Unarmed
rCold    . . .     Gourm    .   (no shield)
rNeg     . . .     Faith    .   m - +0 ring mail
rPois    .         Spirit   .   (no helmet)
rElec    .         Reflect  .   x - scarf {cloud immunity}
rCorr    .         Harm     .   (no gloves)
MR       .....                  (no boots)
Stlth    +.........             (no amulet)
HPRegen  0.13/turn              q - +2 ring of strength
MPRegen  0.11/turn              (no ring)

@: no status effects
A: distributed training, fangs 1, strong nose
a: no special abilities


You were on level 3 of the Dungeon.
You were not hungry.

You visited 1 branch of the dungeon, and saw 3 of its levels.

You collected 127 gold pieces.

Inventory:

Hand Weapons
 i - a +0 short sword
 o - a +0 dagger
Missiles
 e - 163 stones (quivered)
 g - 9 poisoned needles
Armour
 m - a +0 ring mail (worn)
 p - a +0 buckler
 x - a scarf of cloud immunity (worn)
Jewellery
 q - a +2 ring of strength (left hand)
Scrolls
 a - 2 scrolls of magic mapping {unknown}
 h - a scroll of recharging {unknown}
 j - 7 scrolls of identify {unknown}
 l - a scroll of fear {unknown}
 n - a scroll of enchant weapon {unknown}
 r - 2 scrolls of teleportation {unknown}
 u - a scroll of noise {unknown}
 v - 2 scrolls of remove curse {unknown}
Potions
 s - a potion of flight {unknown}
 t - a potion of magic {unknown}
 w - 3 potions of curing {unknown}
Comestibles
 b - a meat ration
 f - 3 bread rations
 k - a fruit
 z - a chunk of flesh


   Skills:
 + Level 2.9 Fighting
 + Level 1.3 Short Blades
 + Level 1.3 Long Blades
 + Level 1.3 Axes
 + Level 1.3 Maces & Flails
 + Level 1.3 Polearms
 + Level 1.3 Staves
 + Level 1.3 Slings
 + Level 1.3 Bows
 + Level 1.3 Crossbows
 + Level 4.7 Throwing
 + Level 1.3 Armour
 + Level 4.7 Dodging
 + Level 1.3 Stealth
 + Level 1.3 Shields
 + Level 1.3 Unarmed Combat
 + Level 3.1 Spellcasting
 + Level 1.1 Conjurations
 + Level 5.5 Hexes
 + Level 1.1 Charms
 + Level 1.1 Summonings
 + Level 1.1 Necromancy
 + Level 1.1 Translocations
 + Level 1.1 Transmutations
 + Level 1.1 Fire Magic
 + Level 1.1 Ice Magic
 + Level 1.1 Air Magic
 + Level 1.1 Earth Magic
 + Level 1.1 Poison Magic
 + Level 1.5 Invocations
 + Level 1.3 Evocations


You had 2 spell levels left.
You knew the following spells:

 Your Spells              Type           Power        Failure   Level  Hunger
a - Corona                Hex            ###....      3%          1    #......
b - Portal Projectile     Hex/Tloc       ##....       28%         3    ###....
c - Cause Fear            Hex            ###.......   36%         4    #####..


Dungeon Overview and Level Annotations

Branches:
Dungeon (3/15)

Altars:
Dithmenos
Gozag
Yredelemnul

Annotations:
D:3 Grinder


Innate Abilities, Weirdness & Mutations

Your experience applies equally to all skills.
You have very sharp teeth.
Your uncanny sense of smell can sniff out nearby items.


Message History

Grinder gestures at you. Pain shoots through your body!
* * * LOW HITPOINT WARNING * * *
Grinder struggles against the net.
Huge Dmg: -12%(-5hp) hp: 28%(11hp) Unknown command.
You hit Grinder.
Grinder is heavily wounded.
You catch the helpless Grinder completely off-guard!
You puncture Grinder!
Grinder is severely wounded.
Grinder struggles against the net.
The net rips apart, and Grinder comes free!
You barely miss Grinder.
Grinder is severely wounded.
Grinder gestures at you.
You suddenly lose the ability to move!
Grinder hits you but does no damage. x2
Grinder hits you.
* * * LOW HITPOINT WARNING * * *
You writhe in agony.
* * * LOW HITPOINT WARNING * * *
You can move again.
Huge Dmg: -13%(-5hp) hp: 15%(6hp) Unknown command.
Unknown command.
You are now empty-handed.
Grinder hits you.
* * * LOW HITPOINT WARNING * * *
You writhe in agony.
You die...

#.#
####.........###
#.#
#####..##.....##
#..
................#
..#
###.##.########.#
# ## #
#..........# .
#..#######.#
#..## #.#
#....### #.#
##...@.# #.# #
#####5# #.# ∆
#g#.#.# #####.#
########(#.#.#
......#
#...(g...#.#.#
...#
#.#.##.#...#.#
##.# #.#...#.#
#.#.###.#
#.#(....#


You could see Grinder and a hobgoblin.

Vanquished Creatures
  5 adders
  2 worms
  A dart slug (D:1)
  2 leopard geckos (D:1)
  3 giant cockroaches
  9 goblins
  10 hobgoblins
  6 jackals
  11 kobolds
  3 quokkas
  A ball python (D:1)
  10 bats
  8 frilled lizards
  4 rats
  A spectral orc (D:3)
76 creatures vanquished.

Notes
Turn   | Place    | Note
-------+----------+-------------------------------------------
     0 | D:1      | Monsterracer the Gnoll Arcane Marksman began the quest for the Orb.
     0 | D:1      | Reached XP level 1. HP: 17/17 MP: 4/4
   214 | D:1      | Reached XP level 2. HP: 23/23 MP: 5/5
  1208 | D:1      | Reached XP level 3. HP: 26/28 MP: 7/7
  1218 | D:1      | Learned a level 3 spell: Portal Projectile
  1937 | D:2      | Reached skill level 1 in Invocations
  2413 | D:2      | Found an opulent altar of Gozag.
  2448 | D:2      | Reached skill level 1 in Short Blades
  2448 | D:2      | Reached skill level 1 in Long Blades
  2448 | D:2      | Reached skill level 1 in Axes
  2448 | D:2      | Reached skill level 1 in Maces & Flails
  2448 | D:2      | Reached skill level 1 in Polearms
  2448 | D:2      | Reached skill level 1 in Staves
  2448 | D:2      | Reached skill level 1 in Slings
  2448 | D:2      | Reached skill level 1 in Bows
  2448 | D:2      | Reached skill level 1 in Crossbows
  2448 | D:2      | Reached skill level 1 in Armour
  2448 | D:2      | Reached skill level 1 in Stealth
  2448 | D:2      | Reached skill level 1 in Shields
  2448 | D:2      | Reached skill level 1 in Unarmed Combat
  2448 | D:2      | Reached skill level 1 in Evocations
  2537 | D:2      | Reached XP level 4. HP: 34/34 MP: 8/8
  2546 | D:2      | Found a shadowy altar of Dithmenos.
  2576 | D:2      | Learned a level 4 spell: Cause Fear
  3369 | D:3      | Reached skill level 1 in Conjurations
  3369 | D:3      | Reached skill level 1 in Charms
  3369 | D:3      | Reached skill level 1 in Summonings
  3369 | D:3      | Reached skill level 1 in Necromancy
  3369 | D:3      | Reached skill level 1 in Translocations
  3369 | D:3      | Reached skill level 1 in Transmutations
  3369 | D:3      | Reached skill level 1 in Fire Magic
  3369 | D:3      | Reached skill level 1 in Ice Magic
  3369 | D:3      | Reached skill level 1 in Air Magic
  3369 | D:3      | Reached skill level 1 in Earth Magic
  3369 | D:3      | Reached skill level 1 in Poison Magic
  3581 | D:3      | Reached XP level 5. HP: 40/40 MP: 9/9
  3627 | D:3      | Found a basalt altar of Yredelemnul.
  4026 | D:3      | Noticed Grinder
  4047 | D:3      | Paralysed by Grinder for 3 turns
  4051 | D:3      | HP: 2/40 [Grinder (4)]
  4051 | D:3      | Slain by Grinder

Vault maps used:
D:1:      sevenhm_arrival_forest_fort_small_4
D:2:      grunt_gozag_breadcrumbs, serial_forest, infiniplex_forest_lined_3,
          infiniplex_forest_lined_corner, infiniplex_forest_lined_corner,
          infiniplex_forest_straight_5, infiniplex_forest_lined_2,
          infiniplex_forest_lined_4_way, infiniplex_forest_lined_2,
          infiniplex_forest_lined_3, infiniplex_forest_end_2,
          infiniplex_forest_lined_3_way, nicolae_dithmenos_shadow_blocks
D:3:      kennysheep_goblin_castle, yredelemnul_forgotten_temple_becter,
          st_stairs_8, uniq_grinder, uniq_robin

Skill      XL: |  1  2  3  4 |
---------------+-------------+-----
Invocations    | 1 |  1.5
Short Blades   | 1 |  1.3
Long Blades    | 1 |  1.3
Axes           | 1 |  1.3
Maces & Flails | 1 |  1.3
Polearms       | 1 |  1.3
Staves         | 1 |  1.3
Slings         | 1 |  1.3
Bows           | 1 |  1.3
Crossbows      | 1 |  1.3
Armour         | 1 |  1.3
Stealth        | 1 |  1.3
Shields        | 1 |  1.3
Unarmed Combat | 1 |  1.3
Evocations     | 1 |  1.3
Spellcasting   | 3 |  3.1
Conjurations   | 1 |  1.1
Charms         | 1 |  1.1
Summonings     | 1 |  1.1
Necromancy     | 1 |  1.1
Translocations | 1 |  1.1
Transmutations | 1 |  1.1
Fire Magic     | 1 |  1.1
Ice Magic      | 1 |  1.1
Air Magic      | 1 |  1.1
Earth Magic    | 1 |  1.1
Poison Magic   | 1 |  1.1
Fighting       | |  2.9
Throwing       | |  4.7
Dodging        | |  4.7
Hexes          | |  5.5

Action                   |  1- 3 |  4- 6 || total
-------------------------+-------+-------++-------
Melee: Short sword       |    94 |   109 ||   203
       Bite              |    13 |    14 ||    27
       Whip              |     3 |       ||     3
       Dagger            |       |     7 ||     7
       Punch             |       |     1 ||     1
Throw: Stone             |   172 |    61 ||   233
       Javelin           |     3 |     5 ||     8
       Throwing net      |       |     2 ||     2
 Stab: Held in net/web   |       |     1 ||     1
  Eat: Chunk             |     5 |     5 ||    10
Armor: Robe              |     5 |       ||     5
       Ring mail         |    26 |    41 ||    67
Dodge: Dodged            |    97 |    83 ||   180

Table legend:
 A = Spawn XP
 B = Non-spawn XP
 C = Spawn XP percentage of total XP
 D = Spawn monster count
 E = Non-spawn monster count
 F = Spawn count percentage of total count
 G = Total turns spent on level
                    A         B        C        D         E        F      G
               +---------+---------+-------+---------+---------+-------+---------
         Total |       0 |     193 |   0.0 |       0 |      76 |   0.0 |  4051
               +---------+---------+-------+---------+---------+-------+---------
           D:1 |       0 |      56 |   0.0 |       0 |      30 |   0.0 |  1870
           D:2 |       0 |      45 |   0.0 |       0 |      22 |   0.0 |  1312
           D:3 |       0 |      92 |   0.0 |       0 |      24 |   0.0 |   869
               +---------+---------+-------+---------+---------+-------+---------

Vault maps used:
D:1:      sevenhm_arrival_forest_fort_small_4
D:2:      grunt_gozag_breadcrumbs, serial_forest, infiniplex_forest_lined_3,
          infiniplex_forest_lined_corner, infiniplex_forest_lined_corner,
          infiniplex_forest_straight_5, infiniplex_forest_lined_2,
          infiniplex_forest_lined_4_way, infiniplex_forest_lined_2,
          infiniplex_forest_lined_3, infiniplex_forest_end_2,
          infiniplex_forest_lined_3_way, nicolae_dithmenos_shadow_blocks
D:3:      kennysheep_goblin_castle, yredelemnul_forgotten_temple_becter,
          st_stairs_8, uniq_grinder, uniq_robin
